[Event "Titled Tuesday Blitz February 21 Early 2023"]
[White "Andreev, Eduard"]
[Black "Jaskolka, Tomasz"]
[WhiteFideId "14103400"]
[BlackFideId "1170791"]
[WhiteElo "2413"]
[BlackElo "2238"]
[Result "1-0"]
[Round "09"]
[TimeControl "180+2"]
[Date "2023.02.21"]
[WhiteClock "0:00:19"]
[BlackClock "0:00:07"]

1. d4 d5 2. c4 e5 3. dxe5 d4 4. Nf3 Nc6 5. Nbd2 Nge7 6. Nb3 Nf5 7. g3 Be6 8. Bg2 Bxc4 9. O-O Bd5 10. Qc2 g6 11. Rd1 Bg7 12. Nfxd4 Nfxd4 13. Nxd4 Nxe5 14. Bxd5 Qxd5 15. Nf5 Qc6 16. Nxg7+ Kf8 17. Qxc6 Nxc6 18. Bh6 Ke7 19. Rd3 f6 20. Rad1 Rhd8 21. Re3+ Kf7 22. Rxd8 Nxd8 23. Re8 Rc8 24. Rh8 g5 25. g4 Kg6 26. Nf5 c5 27. Ne7+ Kxh6 28. Nxc8 Ne6 29. Re8 Nd4 30. b3 f5 31. gxf5 Nxf5 32. Kg2 b6 33. Re6+ Kh5 34. Rc6 a5 35. Rxb6 a4 36. bxa4 c4 37. Rc6 c3 38. Rxc3 Nd4 39. Ne7 Nxe2 40. Rh3+ Kg4 41. Rxh7 Nf4+ 42. Kf1 Nd3 43. a5 Nc5 44. Nc6 Kf3 45. Rf7+ Kg4 46. Nb4 Kh3 47. a6 g4 48. a7 g3 49. hxg3 Nd3 50. Nxd3 Kg4 51. a8=Q Kh3 52. Rf4 Kh2 53. Qg2# 1-0


[Site "https://www.chess.com"]

[Event "Titled Tuesday Blitz February 21 Early 2023"]
[White "Sharapov, Evgeny"]
[Black "Ilinca Ilinca, Felix Antonio"]
[WhiteFideId "14103133"]
[BlackFideId "54764998"]
[WhiteElo "2375"]
[BlackElo "2266"]
[Result "0-1"]
[Round "09"]
[TimeControl "180+2"]
[Date "2023.02.21"]
[WhiteClock "0:01:29"]
[BlackClock "0:01:03"]

1. e4 c5 2. Nf3 e6 3. d4 cxd4 4. Nxd4 Nf6 5. Nc3 Nc6 6. Ndb5 Bc5 7. Nd6+ Ke7 8. Nxc8+ Rxc8 9. Bd3 a6 10. O-O h5 11. Bg5 Qc7 12. Kh1 Ke8 13. f4 Ng4 14. Qd2 f6 15. Bh4 Be3 16. Qe2 Bxf4 17. h3 Bg5 18. g3 Bxh4 19. gxh4 Qg3 20. hxg4 hxg4 21. Qg2 Rxh4+ 22. Kg1 Qe3+ 23. Qf2 Qh6 24. Qg2 Ne5 25. Be2 Kf7 26. Nd1 Rxc2 27. Rf2 Rxe2 28. Rxe2 Nf3+ 29. Kf2 Rh2 30. Ne3 Qh4+ 31. Kf1 Rh1+ 0-1


[Site "https://www.chess.com"]

[Event "Titled Tuesday Blitz February 21 Early 2023"]
[White "Rottenwohrer Suarez, Juan"]
[Black "Jeet, Jain"]
[WhiteFideId "32068182"]
[BlackFideId "5073022"]
[WhiteElo "2265"]
[BlackElo "2199"]
[Result "1-0"]
[Round "09"]
[TimeControl "180+2"]
[Date "2023.02.21"]
[WhiteClock "0:02:20"]
[BlackClock "0:02:00"]

1. Nf3 c5 2. g3 Nc6 3. Bg2 g6 4. O-O Bg7 5. c4 e6 6. Nc3 Nge7 7. d4 Nxd4 8. Nxd4 Bxd4 9. Nb5 Bg7 10. Nd6+ Kf8 11. Rb1 Qc7 12. Bf4 e5 13. Be3 Rb8 14. Nb5 Qd8 15. Bxc5 a6 16. Bd6 Ra8 17. Bc7 1-0


[Site "https://www.chess.com"]

[Event "Titled Tuesday Blitz February 21 Early 2023"]
[White "Kvaloy, Aksel Bu"]
[Black "Jimenez, Joaquin"]
[WhiteFideId "1528815"]
[BlackFideId "109860"]
[WhiteElo "2321"]
[BlackElo "2195"]
[Result "1-0"]
[Round "09"]
[TimeControl "180+2"]
[Date "2023.02.21"]
[WhiteClock "0:01:13"]
[BlackClock "0:01:10"]

1. d4 Nf6 2. c4 g6 3. Nc3 Bg7 4. Nf3 d6 5. Bg5 O-O 6. e3 Nbd7 7. Be2 c5 8. O-O cxd4 9. exd4 a6 10. Qd2 b6 11. Bh6 Bb7 12. Bxg7 Kxg7 13. Rfe1 Rc8 14. b3 Re8 15. Rad1 Qc7 16. h3 b5 17. d5 bxc4 18. bxc4 Nc5 19. Nd4 Nce4 20. Nxe4 Nxe4 21. Qe3 Nf6 22. Rb1 Rb8 23. Rec1 a5 24. Nb5 Qd7 25. h4 h5 26. Qa7 Ra8 27. Qb6 Reb8 28. Nc7 Bc8 29. Nxa8 Rxb6 30. Nxb6 Qf5 31. Nxc8 Qxc8 32. Rb5 a4 33. c5 Nxd5 34. Bf3 Nf4 35. c6 Qf5 36. Rxf5 1-0


[Site "https://www.chess.com"]

[Event "Titled Tuesday Blitz February 21 Early 2023"]
[White "Ziatdinov, Raset"]
[Black "Mamedov, Edgar"]
[WhiteFideId "2015323"]
[BlackFideId "13739980"]
[WhiteElo "2101"]
[BlackElo "2193"]
[Result "1-0"]
[Round "09"]
[TimeControl "180+2"]
[Date "2023.02.21"]
[WhiteClock "0:00:26"]
[BlackClock "0:00:06"]

1. e4 c6 2. d4 d5 3. exd5 cxd5 4. Bd3 Nc6 5. c3 Nf6 6. Bf4 Bg4 7. Qb3 Qd7 8. Nd2 e6 9. Ngf3 Bxf3 10. Nxf3 Bd6 11. Bxd6 Qxd6 12. O-O O-O 13. Rae1 Qc7 14. Qc2 g6 15. Qe2 Kg7 16. h3 Rfe8 17. g3 Nd7 18. Kg2 e5 19. dxe5 Ndxe5 20. Nxe5 Rxe5 21. Qd2 Rae8 22. h4 h5 23. Rxe5 Qxe5 24. Bc2 d4 25. cxd4 Nxd4 26. Bd1 Qd5+ 27. f3 Rd8 28. Qc3 Qxa2 29. Rf2 Qd5 30. Rd2 Qd6 31. Bb3 Qf6 32. Ba2 Nc6 33. Qe3 Rxd2+ 34. Qxd2 Nd4 35. Bd5 Nf5 36. Bxb7 Qe5 37. f4 Qc5 38. Be4 Ne3+ 39. Kf3 Ng4 40. Bd5 Nf6 41. Be4 Qg1 42. Bd3 Qh1+ 43. Ke3 Qg1+ 44. Kf3 Qh1+ 45. Ke3 Ng4+ 46. Kd4 Qg1+ 47. Kc4 Qxg3 48. Qc3+ Kh7 49. Bxg6+ 1-0


[Site "https://www.chess.com"]

[Event "Titled Tuesday Blitz February 21 Early 2023"]
[White "Weetik, Vjacheslav"]
[Black "Koridze, Lile"]
[WhiteFideId "4153472"]
[BlackFideId "13612514"]
[WhiteElo "2423"]
[BlackElo "2191"]
[Result "1-0"]
[Round "09"]
[TimeControl "180+2"]
[Date "2023.02.21"]
[WhiteClock "0:00:05"]
[BlackClock "0:01:49"]

1. d4 Nf6 2. c4 e6 3. g3 d5 4. Nf3 Bb4+ 5. Bd2 Be7 6. Bg2 O-O 7. O-O c5 8. dxc5 Bxc5 9. cxd5 Nxd5 10. Nc3 Nc6 11. Nxd5 Qxd5 12. Bc3 Rd8 13. Qc2 Qd7 14. Bxg7 Bxf2+ 15. Rxf2 Kxg7 16. Qc3+ f6 17. Raf1 Qe7 18. Ng5 Nd4 19. Ne4 f5 20. e3 e5 21. exd4 exd4 22. Qc5 Qxc5 23. Nxc5 Rb8 24. Re1 b6 25. Ne6+ Bxe6 26. Rxe6 d3 27. Rd2 Rbc8 28. Bf1 Rc1 29. Kf2 Rc2 30. Ke3 Rdc8 31. Bxd3 Rc1 32. Re7+ Kf8 33. Rxa7 Re1+ 34. Kf2 Ree8 35. Bxf5 Rc5 36. g4 h5 37. h3 hxg4 38. hxg4 Ree5 39. Rd8+ Re8 40. Rdd7 Ree5 41. Ra8+ Re8 42. Rxe8+ Kxe8 43. Rb7 b5 44. Kg3 Re5 45. Kf4 Re2 46. Rxb5 Ke7 47. a4 Kd6 48. Kg5 Re8 49. a5 Ra8 50. b4 Rd8 51. Rb6+ Kc7 52. b5 Rd5 53. Rc6+ Kb7 54. a6+ Ka7 55. Rc7+ Kb8 56. Rb7+ Ka8 57. Rf7 Kb8 58. Kf6 Ka8 59. Be4 Kb8 60. Bxd5 Kc8 61. a7 Kd8 62. a8=Q# 1-0


[Site "https://www.chess.com"]

[Event "Titled Tuesday Blitz February 21 Early 2023"]
[White "Dauner, Benedikt"]
[Black "Alex_Sahakyan2006"]
[WhiteFideId "16225899"]
[WhiteElo "2400"]
[BlackElo "2664"]
[Result "0-1"]
[Round "09"]
[TimeControl "180+2"]
[Date "2023.02.21"]
[WhiteClock "0:00:05"]
[BlackClock "0:00:49"]

1. e4 Nc6 2. Nf3 d6 3. c4 Bg4 4. Be2 e5 5. Nc3 g6 6. h3 Bxf3 7. Bxf3 Nd4 8. d3 Ne7 9. Bg5 c6 10. Bf6 Rg8 11. O-O Bg7 12. Bxg7 Rxg7 13. Be2 Qb6 14. Rb1 O-O-O 15. Kh1 f5 16. b4 h5 17. a4 f4 18. a5 Qc7 19. a6 b6 20. Bf3 Rh8 21. Rg1 Qd7 22. Qf1 g5 23. Bd1 g4 24. Ne2 Nxe2 25. Bxe2 c5 26. g3 f3 27. Bd1 h4 28. gxh4 Rxh4 29. Bxf3 Rgh7 30. Bg2 Ng6 31. bxc5 dxc5 0-1


[Site "https://www.chess.com"]

[Event "Titled Tuesday Blitz February 21 Early 2023"]
[White "Golubev, Mikhail"]
[Black "Derix, Bernhard"]
[WhiteFideId "14100983"]
[BlackFideId "4642368"]
[WhiteElo "2461"]
[BlackElo "2065"]
[Result "1-0"]
[Round "09"]
[TimeControl "180+2"]
[Date "2023.02.21"]
[WhiteClock "0:00:04"]
[BlackClock "0:00:22"]

1. e4 c5 2. Nf3 e6 3. d4 cxd4 4. Nxd4 a6 5. Bd3 Qc7 6. O-O Nf6 7. Qe2 d6 8. c4 Nbd7 9. Nc3 Ne5 10. f4 Nxd3 11. Qxd3 Be7 12. Bd2 O-O 13. Rae1 Nd7 14. b3 b6 15. f5 Ne5 16. Qh3 Bf6 17. Nce2 Qe7 18. Bc3 b5 19. cxb5 axb5 20. Nf4 Rxa2 21. fxe6 fxe6 22. Nh5 Bg5 23. Rxf8+ Qxf8 24. Rf1 Qe7 25. Qg3 Bb7 26. Nxe6 Bxe4 27. Rf8+ Qxf8 28. Nxf8 Rxg2+ 29. Qxg2 Bxg2 30. Ne6 Bf3 31. Nhxg7 Be3+ 32. Kf1 Ng4 33. Nf5 Nxh2+ 34. Ke1 Bc5 35. Nh6# 1-0


[Site "https://www.chess.com"]

[Event "Titled Tuesday Blitz February 21 Early 2023"]
[White "Erzhanov, Arman"]
[Black "Tan, Jun Ying"]
[WhiteFideId "4138821"]
[BlackFideId "5710413"]
[WhiteElo "2228"]
[BlackElo "2307"]
[Result "0-1"]
[Round "09"]
[TimeControl "180+2"]
[Date "2023.02.21"]
[WhiteClock "0:00:28"]
[BlackClock "0:00:05"]

1. e4 c6 2. Nc3 d5 3. Nf3 Bg4 4. h3 Bxf3 5. Qxf3 e6 6. Be2 Bc5 7. O-O Nd7 8. Rd1 Bd4 9. exd5 cxd5 10. Nb5 Be5 11. d4 Bb8 12. Bf4 Ngf6 13. Nd6+ Ke7 14. Nxb7 Qb6 15. Nc5 Bxf4 16. Nxd7 Nxd7 17. Qxf4 Qxb2 18. Rab1 Qxa2 19. Rb7 Qxc2 20. Qg5+ Kd6 21. Qf4+ Ke7 22. Rxd7+ Kxd7 23. Qxf7+ Kd6 24. Bg4 Qe4 25. Qxg7 Rhc8 26. Ra1 Rc6 27. Qb7 Rac8 28. Qb4+ Kd7 29. Rxa7+ R8c7 30. Rxc7+ Rxc7 31. Qb5+ Ke7 32. Qb4+ Kf7 33. Qd2 Kg6 34. f3 Rc2 35. Qd1 Qe2 36. Kh2 Qxd1 0-1


[Site "https://www.chess.com"]

[Event "Titled Tuesday Blitz February 21 Early 2023"]
[White "Aydincelebi, Kagan"]
[Black "Buchenau, Frank"]
[WhiteFideId "6361102"]
[BlackFideId "4604350"]
[WhiteElo "2280"]
[BlackElo "2222"]
[Result "1-0"]
[Round "09"]
[TimeControl "180+2"]
[Date "2023.02.21"]
[WhiteClock "0:00:56"]
[BlackClock "0:00:26"]

1. e4 e6 2. d4 d5 3. Nc3 Nf6 4. Bg5 dxe4 5. Nxe4 Be7 6. Bxf6 gxf6 7. Qd2 c5 8. Nxc5 Bxc5 9. dxc5 Qxd2+ 10. Kxd2 O-O 11. Nf3 Rd8+ 12. Kc3 Nd7 13. Rd1 Rf8 14. b4 a5 15. a3 axb4+ 16. axb4 f5 17. Bd3 Nf6 18. Kb3 Bd7 19. Ra1 Bc6 20. Ne5 Bd5+ 21. c4 Be4 22. Bxe4 Nxe4 23. f3 Nf6 24. b5 Rfc8 25. Kb4 Ne8 26. Rhd1 f6 27. Nd7 Rxa1 28. Rxa1 Rc7 29. Ra8 Kf7 30. Nb6 Ng7 31. Nc8 f4 32. Rb8 Nf5 33. Nd6+ Nxd6 34. cxd6 Rd7 35. c5 e5 36. Kc4 Ke6 37. Re8+ Kf7 38. Rc8 Ke6 39. Rc7 Rxc7 40. dxc7 Kd7 41. b6 h5 42. Kd5 h4 43. Ke4 Kc8 44. Kf5 h3 45. gxh3 1-0


[Site "https://www.chess.com"]

[Event "Titled Tuesday Blitz February 21 Early 2023"]
[White "Yeritsyan, Hayk"]
[Black "Goroshkov, Maksym"]
[WhiteFideId "13307320"]
[BlackFideId "14142716"]
[WhiteElo "2241"]
[BlackElo "2287"]
[Result "1-0"]
[Round "09"]
[TimeControl "180+2"]
[Date "2023.02.21"]
[WhiteClock "0:00:15"]
[BlackClock "0:00:20"]

1. d4 Nf6 2. Nf3 d6 3. Bf4 g6 4. h3 Bg7 5. e3 O-O 6. c3 c5 7. Be2 Nc6 8. O-O cxd4 9. exd4 Re8 10. Na3 Bf5 11. Bh2 e5 12. Nc4 e4 13. Nfd2 d5 14. Ne3 Bh6 15. Nb3 b6 16. Bb5 Rc8 17. Ba6 Ra8 18. Bb7 Qd7 19. Bxa8 Rxa8 20. Nxf5 Qxf5 21. Re1 Qd7 22. Nd2 Nh5 23. Nf1 f5 24. Ne3 Rd8 25. Qa4 Nf6 26. Rad1 f4 27. Ng4 Nxg4 28. hxg4 Rc8 29. a3 Qxg4 30. Qb3 Ne7 31. Rxe4 Kf8 32. Rxe7 Kxe7 33. Re1+ Kf8 34. Qxd5 Re8 35. Rxe8+ Kxe8 36. Qa8+ Kf7 37. Qxa7+ Kg8 38. Qa8+ Bf8 39. Qd5+ Kg7 40. Qe5+ Kg8 41. Bxf4 b5 42. Qd5+ Kg7 43. Be5+ Kh6 44. Qf3 Qxf3 45. gxf3 Kg5 46. Bc7 Kf5 47. Kf1 g5 48. Ke2 h5 49. Be5 h4 50. Kf1 Be7 51. Kg2 Bd8 52. b3 Ke6 53. c4 bxc4 54. bxc4 Ba5 55. Kh3 Bd2 56. Kg4 Bc1 57. a4 Bd2 58. Bh2 Kd7 59. d5 Ke7 60. f4 gxf4 61. Kxh4 Be1 62. Bxf4 Bxf2+ 63. Kg4 Bc5 64. Kf5 Kd7 65. Be5 Ba3 66. Ke4 Bb4 67. Bd4 Kd6 68. c5+ Kc7 69. c6 Bd2 70. Bc5 Bc3 71. Kd3 Be5 72. Kc4 Bf4 73. Kb5 Be5 74. d6+ Kb8 75. d7 Bc7 76. Bd6 Ka8 77. Bxc7 Ka7 78. Bb6+ Kb8 79. d8=Q# 1-0


[Site "https://www.chess.com"]

[Event "Titled Tuesday Blitz February 21 Early 2023"]
[White "Chakravarthi Reddy, M"]
[Black "Al-Tarboush, Ward"]
[WhiteFideId "25009532"]
[BlackFideId "7601450"]
[WhiteElo "2279"]
[BlackElo "2256"]
[Result "0-1"]
[Round "09"]
[TimeControl "180+2"]
[Date "2023.02.21"]
[WhiteClock "0:00:05"]
[BlackClock "0:01:23"]

1. e4 c5 2. Nf3 Nc6 3. Bb5 e6 4. O-O Nge7 5. Re1 Nd4 6. Bf1 Nec6 7. c3 Nxf3+ 8. Qxf3 Be7 9. Qg3 O-O 10. e5 f6 11. d4 fxe5 12. Bh6 Rf7 13. Rd1 Bh4 14. Qg4 Bxf2+ 15. Kh1 Kh8 16. Bg5 Qf8 17. Nd2 exd4 18. Bd3 Ne5 19. Qe4 Nxd3 20. Qxd3 d5 21. Nf3 h6 22. Ne5 Kg8 23. Nxf7 Qxf7 24. Rf1 hxg5 25. Qe2 e5 26. Rxf2 Qe7 27. Raf1 Bd7 28. cxd4 cxd4 29. Qf3 Be6 30. Qe2 e4 31. Qd1 d3 32. Qd2 d4 33. Qa5 e3 34. Rf3 d2 35. Qb5 a6 36. Qd3 Rc8 37. Qxd4 Rc1 38. Qxe3 d1=Q 39. Qxc1 Qxc1 40. Rxc1 Bg4 41. Rfc3 b5 42. h3 Bf5 43. a3 a5 44. Rc7 Qe3 45. R7c5 b4 46. Rxf5 Qxc1+ 47. Kh2 Qxb2 48. axb4 axb4 49. Rxg5 Qd2 50. Rb5 Qd6+ 51. Kg1 Qd1+ 52. Kh2 b3 0-1


[Site "https://www.chess.com"]

[Event "Titled Tuesday Blitz February 21 Early 2023"]
[White "Pajeken, Jakob Leon"]
[Black "Zhukova, Natalia"]
[WhiteFideId "12942839"]
[BlackFideId "14101513"]
[WhiteElo "2417"]
[BlackElo "2324"]
[Result "1-0"]
[Round "09"]
[TimeControl "180+2"]
[Date "2023.02.21"]
[WhiteClock "0:01:19"]
[BlackClock "0:00:01"]

1. d4 Nf6 2. Nf3 d5 3. c4 e6 4. Nc3 c6 5. cxd5 exd5 6. Bg5 Bf5 7. e3 Nbd7 8. Nh4 Be6 9. Bd3 h6 10. Bxf6 Qxf6 11. g3 Bh3 12. f4 g5 13. Nf3 gxf4 14. exf4 Bg4 15. O-O Bxf3 16. Qxf3 Qxd4+ 17. Kh1 O-O-O 18. Rac1 Kb8 19. Bf5 Nb6 20. Rfd1 Qf6 21. Bb1 h5 22. a4 h4 23. g4 Bd6 24. Bf5 h3 25. a5 Nc4 26. a6 Nxb2 27. Nxd5 cxd5 28. Rxd5 Qe7 29. Rb5 b6 30. Rxb2 Bc5 31. Rxc5 Rd1+ 32. Qxd1 Qxc5 33. Rc2 Qa3 34. Qe1 Rd8 35. Qe5+ 1-0


[Site "https://www.chess.com"]

[Event "Titled Tuesday Blitz February 21 Early 2023"]
[White "Tologon tegin, Semetei"]
[Black "Bambino Filho, Antonio Carlos"]
[WhiteFideId "13800574"]
[BlackFideId "2113163"]
[WhiteElo "2372"]
[BlackElo "2144"]
[Result "0-1"]
[Round "09"]
[TimeControl "180+2"]
[Date "2023.02.21"]
[WhiteClock "0:00:15"]
[BlackClock "0:00:11"]

1. Nf3 c5 2. g3 Nc6 3. Bg2 g6 4. b3 Bg7 5. c3 e5 6. O-O Nge7 7. e4 d6 8. c4 O-O 9. Nc3 h6 10. d3 f5 11. Nd5 Be6 12. Bd2 f4 13. Rb1 g5 14. h3 Ng6 15. b4 Qd7 16. Kh2 g4 17. hxg4 Bxg4 18. Qa4 Bxf3 19. Bxf3 fxg3+ 20. fxg3 Rf7 21. bxc5 dxc5 22. Kg2 Raf8 23. Be3 Rxf3 24. Rxf3 Rxf3 25. Rxb7 Qxb7 26. Kxf3 Nd4+ 27. Bxd4 exd4 28. Qe8+ Kh7 29. Nf4 Ne5+ 30. Kg2 Qb2+ 31. Kh3 Qc1 32. Kg2 Qd2+ 33. Kh3 Qe1 34. Kg2 Qd2+ 35. Kh3 Qd1 36. Kg2 Qg4 37. a4 a5 38. Qe7 Qf3+ 39. Kh3 Ng4 0-1


[Site "https://www.chess.com"]

[Event "Titled Tuesday Blitz February 21 Early 2023"]
[White "Yurovskykh, Oleksandr"]
[Black "Mazurkiewicz, Michal"]
[WhiteFideId "14134020"]
[BlackFideId "1124943"]
[WhiteElo "2328"]
[BlackElo "2145"]
[Result "0-1"]
[Round "09"]
[TimeControl "180+2"]
[Date "2023.02.21"]
[WhiteClock "0:00:02"]
[BlackClock "0:00:14"]

1. d4 Nf6 2. Nf3 g6 3. Nbd2 Bg7 4. e4 d6 5. Bb5+ c6 6. Bd3 O-O 7. O-O Nbd7 8. a4 e5 9. dxe5 dxe5 10. Nc4 Qc7 11. Be3 Ng4 12. Bg5 Nc5 13. h3 Nf6 14. b4 Ncxe4 15. Be3 Re8 16. Qc1 Nc3 17. Bd2 Ncd5 18. Re1 e4 19. Be2 exf3 20. Bxf3 Bf5 21. c3 Bd3 22. Nb2 Be4 23. Be2 Rad8 24. c4 Ne7 25. Bf4 Qc8 26. Ra3 Nf5 27. c5 Nd4 28. Nc4 Nxe2+ 29. Rxe2 Bf8 30. Nd6 Bxd6 31. cxd6 Bd5 32. Be5 Qf5 33. Rae3 Re6 34. Qc3 Rde8 35. f4 Nd7 36. Bd4 Rxe3 37. Rxe3 Rxe3 38. Qxe3 Qe4 39. Qf2 f5 40. Kh2 Kf7 41. Ba1 Nf6 42. Qb2 Qxg2+ 43. Qxg2 Bxg2 44. Kxg2 Nd5 45. Be5 Nxb4 46. Kg3 Ke6 47. Kh4 Nd3 48. Kg5 Nxe5 49. fxe5 c5 50. Kh6 f4 0-1


[Site "https://www.chess.com"]

[Event "Titled Tuesday Blitz February 21 Early 2023"]
[White "gshwbedhkhd"]
[Black "Poeta, Caio Medeiros"]
[BlackFideId "2142660"]
[WhiteElo "2556"]
[BlackElo "2088"]
[Result "0-1"]
[Round "09"]
[TimeControl "180+2"]
[Date "2023.02.21"]
[WhiteClock "0:00:52"]
[BlackClock "0:01:25"]

1. e4 c6 2. d4 d5 3. e5 c5 4. Nf3 Nc6 5. dxc5 Bg4 6. Bb5 Qa5+ 7. Nc3 e6 8. a3 Bxc5 9. b4 Bxb4 10. axb4 Qxa1 11. Qd2 Bxf3 12. gxf3 a6 13. Bxc6+ bxc6 14. O-O Ne7 15. Qd4 O-O 16. Bg5 Nf5 17. Qc5 Qb2 18. Rb1 Qxc2 19. Rc1 Qb3 20. Kh1 d4 0-1


[Site "https://www.chess.com"]

[Event "Titled Tuesday Blitz February 21 Early 2023"]
[White "Kejna, Piotr"]
[Black "Fisher_TheGalactic"]
[WhiteFideId "21821704"]
[WhiteElo "2027"]
[BlackElo "2535"]
[Result "1-0"]
[Round "09"]
[TimeControl "180+2"]
[Date "2023.02.21"]
[WhiteClock "0:00:02"]
[BlackClock "0:00:02"]

1. e4 b6 2. d4 Bb7 3. Bd3 Nf6 4. Qe2 e6 5. Nf3 d5 6. e5 Nfd7 7. Ng5 g6 8. h4 Nc6 9. h5 Bg7 10. hxg6 hxg6 11. Rxh8+ Bxh8 12. Nxe6 Qh4 13. Nxc7+ Kd8 14. Nxa8 Nxd4 15. Qe3 Qh1+ 16. Kd2 Bxe5 17. c3 Ne6 18. g3 d4 19. Qe1 Qf3 20. Kc2 Bxa8 21. Nd2 Qf6 22. f4 dxc3 23. fxe5 cxd2 24. Qxd2 Qxe5 25. Qe3 Qc7+ 26. Kd1 Ne5 27. Bd2 Bf3+ 28. Ke1 Qd6 29. Be2 Bxe2 30. Kxe2 Nd4+ 31. Kd1 Ndf3 32. Rc1 Qd5 33. Rc2 Qxa2 34. Ke2 Qa6+ 35. Kd1 Qf1+ 36. Be1 Nxe1 37. Qxe1 Qf3+ 38. Re2 Nc4 39. Kc1 Nd6 40. Rd2 Qc6+ 41. Kb1 Kd7 42. Qd1 Qe4+ 43. Ka1 Qe6 44. Rd4 Qe5 45. Rd5 Qxg3 46. Qa4+ Ke6 47. Rd1 Qe3 48. Qxa7 g5 49. Qa2+ Kf6 50. Qd5 Nf5 51. Rf1 Qe6 52. Qd4+ Kg6 53. Qd3 g4 54. Rg1 Kg5 55. Qd2+ Qe3 56. Qd8+ Kf4 57. Qc7+ Kf3 58. Rf1+ Kg2 59. Rxf5 g3 60. Qc6+ 1-0


[Site "https://www.chess.com"]

[Event "Titled Tuesday Blitz February 21 Early 2023"]
[White "Balla, Tamas-Kristof"]
[Black "Sargissyan, Sargis"]
[WhiteFideId "1208497"]
[BlackFideId "13303210"]
[WhiteElo "2303"]
[BlackElo "2234"]
[Result "1-0"]
[Round "09"]
[TimeControl "180+2"]
[Date "2023.02.21"]
[WhiteClock "0:00:56"]
[BlackClock "0:00:20"]

1. e4 c5 2. c3 Nf6 3. e5 Nd5 4. d4 cxd4 5. Nf3 d6 6. cxd4 dxe5 7. dxe5 Nc6 8. Bc4 Nb6 9. Qxd8+ Nxd8 10. Bb3 Bg4 11. Ng5 e6 12. O-O Nc6 13. f4 Bc5+ 14. Kh1 Nd4 15. Ne4 Be7 16. Nbc3 O-O 17. Be3 Rfd8 18. h3 Bf5 19. Rad1 Nxb3 20. axb3 Bxe4 21. Nxe4 Nd5 22. Bc5 Bxc5 23. Nxc5 b6 24. Ne4 Ne3 25. Rxd8+ Rxd8 26. Rc1 Rd3 27. Rc8+ 1-0


[Site "https://www.chess.com"]

[Event "Titled Tuesday Blitz February 21 Early 2023"]
[White "Parpiev, Isaak"]
[Black "Jovic, Stanoje"]
[WhiteFideId "34281576"]
[BlackFideId "905020"]
[WhiteElo "2167"]
[BlackElo "2075"]
[Result "1-0"]
[Round "09"]
[TimeControl "180+2"]
[Date "2023.02.21"]
[WhiteClock "0:00:10"]
[BlackClock "0:00:15"]

1. Nf3 Nf6 2. d4 e6 3. c4 b6 4. g3 Ba6 5. Qc2 Bb4+ 6. Nbd2 O-O 7. Bg2 d5 8. O-O c6 9. a3 Bxd2 10. Nxd2 dxc4 11. Nf3 b5 12. Rd1 Nbd7 13. e4 Bb7 14. e5 Nd5 15. Ng5 g6 16. Ne4 f5 17. exf6 N7xf6 18. Nc5 Bc8 19. Bg5 Qb6 20. Re1 Ng4 21. Re2 e5 22. Qd2 Bf5 23. h3 Bd3 24. Nxd3 cxd3 25. Qxd3 e4 26. Bxe4 Ngf6 27. Bxf6 Rxf6 28. Bxd5+ cxd5 29. Rae1 Raf8 30. Qd2 a6 31. Re8 Qc6 32. Rxf8+ Rxf8 33. Rc1 Qe6 34. Kg2 Qe4+ 35. Kh2 Qf3 36. Kg1 Qf5 37. h4 h5 38. Qe3 Qe4 39. Qxe4 dxe4 40. Re1 Re8 41. Re3 Kf7 42. f3 Rc8 43. fxe4 Rc2 44. b3 Ke6 45. b4 Rd2 46. d5+ Ke5 47. Kf1 Rc2 48. Ke1 Ra2 49. Kd1 Kd4 50. Rf3 Kxe4 51. Rf6 Kd3 52. Ke1 Ke3 53. Re6+ Kd4 54. Rxa6 Kxd5 55. Rxg6 Rxa3 56. Rg5+ Kc4 57. Kf2 Kxb4 58. Rxh5 Kc4 59. Rh8 b4 60. Rc8+ Kb3 61. Rb8 Ra2+ 62. Kf3 Rc2 63. h5 Rc3+ 64. Kg4 Rc4+ 65. Kg5 Rc5+ 66. Kh4 Kc4 67. g4 Rd5 68. g5 Rd1 69. h6 Rh1+ 70. Kg4 Rg1+ 71. Kh5 Rh1+ 72. Kg6 b3 73. h7 Kc3 74. Rxb3+ Kxb3 75. Kg7 Kc4 76. g6 Kd5 77. h8=Q Re1 78. Qd8+ Kc4 79. Qf6 Kd3 80. Qf5+ Re4 81. Qxe4+ Kxe4 82. Kf6 Kd5 83. g7 1-0


[Site "https://www.chess.com"]

[Event "Titled Tuesday Blitz February 21 Early 2023"]
[White "Santos Flores, Alberto"]
[Black "Miszler, Levente"]
[WhiteFideId "3601234"]
[BlackFideId "763276"]
[WhiteElo "2164"]
[BlackElo "2271"]
[Result "1-0"]
[Round "09"]
[TimeControl "180+2"]
[Date "2023.02.21"]
[WhiteClock "0:00:23"]
[BlackClock "0:00:05"]

1. e4 e6 2. d4 d5 3. Nc3 dxe4 4. Nxe4 Nf6 5. Nxf6+ gxf6 6. Nf3 f5 7. Bg5 Be7 8. Bxe7 Qxe7 9. Qd2 Nd7 10. O-O-O Nf6 11. Ne5 Bd7 12. g3 O-O-O 13. Bg2 Ne4 14. Qe2 Nd6 15. Kb1 f6 16. Nxd7 Qxd7 17. Rhe1 Rhe8 18. f4 Ne4 19. Bxe4 fxe4 20. Qxe4 e5 21. fxe5 fxe5 22. d5 c6 23. c4 cxd5 24. Rxd5 Qc6 25. Rxe5 Qxe4+ 26. R5xe4 Rf8 27. Rh4 Rf7 28. Re2 Kc7 29. Kc2 Rd6 30. Rd2 Re6 31. a3 Rc6 32. Kc3 Re6 33. Rhd4 Re3+ 34. R4d3 Re1 35. h4 Rg1 36. Re3 Rg7 37. Rdd3 Rg2 38. b4 Ra2 39. Kb3 Rg2 40. c5 Rg1 41. a4 Rb1+ 42. Kc4 Rc1+ 43. Rc3 Rg1 44. b5 Ra1 45. Kb3 Rb1+ 46. Kc2 Ra1 47. Kb3 Rb1+ 48. Ka2 Rg1 49. c6 bxc6 50. Rxc6+ Kb7 51. Rcc3 Rg2+ 52. Kb3 Rg1 53. Kb4 Rb1+ 54. Ka5 Rg1 55. Re6 R1xg3 56. Rxg3 Rxg3 57. Re7+ Kb8 58. Rxh7 Rg4 59. h5 Rh4 60. h6 Ka8 61. b6 axb6+ 62. Kxb6 Rb4+ 63. Ka5 Rh4 64. Kb5 Kb8 65. a5 Rh5+ 66. Kb6 Kc8 67. a6 Rh1 68. Rh8+ Kd7 69. a7 Rb1+ 70. Kc5 1-0


[Site "https://www.chess.com"]

[Event "Titled Tuesday Blitz February 21 Early 2023"]
[White "Kubicka, Anna"]
[Black "Sreyas Payyappat"]
[WhiteFideId "1152254"]
[BlackFideId "46674969"]
[WhiteElo "2240"]
[BlackElo "2076"]
[Result "1-0"]
[Round "09"]
[TimeControl "180+2"]
[Date "2023.02.21"]
[WhiteClock "0:00:37"]
[BlackClock "0:00:11"]

1. e4 c6 2. Nc3 d5 3. Nf3 dxe4 4. Nxe4 Nf6 5. Qe2 Nxe4 6. Qxe4 Nd7 7. Bc4 Nf6 8. Ne5 e6 9. Qe2 b5 10. Bb3 Qc7 11. O-O Bd6 12. d4 O-O 13. c3 a5 14. a4 Ba6 15. Re1 bxa4 16. Bc4 Bxe5 17. dxe5 Bxc4 18. Qxc4 Nd7 19. Qxa4 Rfd8 20. Bg5 Rdb8 21. Rab1 Nxe5 22. Bf4 Rb5 23. Qd4 f6 24. c4 Rd8 25. Qc3 Rc5 26. Rbd1 Rxd1 27. Rxd1 Qe7 28. b3 g5 29. Be3 a4 30. Bxc5 Qxc5 31. bxa4 Ng4 32. Qf3 f5 33. h3 Ne5 34. Qc3 g4 35. Qd4 Qa5 36. Qd8+ Qxd8 37. Rxd8+ Kf7 38. a5 Nxc4 39. a6 Ke7 40. Rb8 Nb6 41. Rxb6 1-0


[Site "https://www.chess.com"]

[Event "Titled Tuesday Blitz February 21 Early 2023"]
[White "Iljin, Timofey"]
[Black "Turzo, Attila"]
[WhiteFideId "14110180"]
[BlackFideId "704954"]
[WhiteElo "2329"]
[BlackElo "2279"]
[Result "1/2-1/2"]
[Round "09"]
[TimeControl "180+2"]
[Date "2023.02.21"]
[WhiteClock "0:00:11"]
[BlackClock "0:00:10"]

1. e4 c5 2. c3 Nf6 3. e5 Nd5 4. d4 cxd4 5. cxd4 d6 6. Nf3 Nc6 7. Bc4 dxe5 8. dxe5 Ndb4 9. O-O Qxd1 10. Rxd1 e6 11. Nc3 Be7 12. a3 Na6 13. b4 Nc7 14. Be3 Bd7 15. Ne4 O-O-O 16. Nd6+ Bxd6 17. exd6 Ne8 18. Ng5 Ne5 19. Rac1 Kb8 20. Be2 f6 21. f4 fxg5 22. fxe5 h6 23. Bd3 g6 24. Bxg6 Ng7 25. Be4 Rc8 26. Kf2 Nf5 27. Rc7 Rxc7 28. dxc7+ Kxc7 29. Bxa7 Ra8 30. Rc1+ Bc6 31. b5 Rxa7 32. bxc6 bxc6 33. Rxc6+ Kd7 34. Rc3 Ra5 35. Bxf5 exf5 36. Rh3 Rxe5 37. Rxh6 Ra5 38. Rh5 g4 39. Kg3 Ke6 40. Kf4 Ra4+ 41. Kg5 Rxa3 42. Rh6+ Ke5 43. Rf6 Ra2 44. Rxf5+ Ke6 45. Rf6+ Ke7 46. Rf4 Rxg2 47. Rxg4 Rxh2 48. Rh4 Rg2+ 49. Rg4 Rf2 50. Kh4 Ke6 51. Kg3 Rf1 52. Kg2 Ra1 53. Rg3 Kf5 54. Rf3+ Kg4 55. Rb3 Ra2+ 56. Kf1 Rc2 57. Ra3 Rb2 58. Rc3 Ra2 59. Rb3 Rc2 60. Rd3 Rb2 61. Ra3 Rc2 62. Rb3 Rd2 63. Ra3 Rh2 64. Kg1 Rb2 65. Kf1 Rc2 1/2-1/2


[Site "https://www.chess.com"]